 Dungeon Crawl Stone Soup version 0.31-a0-986-g5e6e4ef867 (webtiles) character file.

Game seed: 15157114363990335083

1978 grandjackal the Trooper (level 9, -1/72 HPs)
             Began as a Mummy Fighter on Nov 17, 2023.
             Slain by Jeremiah
             ... wielding a +4 trident of draining
              (4 damage)
             ... on level 6 of the Dungeon.
             The game lasted 00:07:32 (5915 turns).

grandjackal the Trooper (Mummy Fighter)             Turns: 5915, Time: 00:07:33

Health: -1/72      AC: 15    Str: 24    XL:     9   Next: 1%
Magic:  9/9        EV: 11    Int:  7    God:
Gold:   333        SH:  5    Dex: 11    Spells: 8/8 levels left

rFire   . . .        a - +0 war axe
rCold   . . .        c - +0 buckler
rNeg    + + +        h - +0 plate armour
rPois   ∞            j - +0 helmet
rElec   .            k - +0 cloak
rCorr   .            g - +0 pair of gloves
SInv    .            d - +0 pair of boots
Will    +....        (no amulet) Stlth
                     f - +5 ring of evasion
HPRegen 0.32/turn    u - ring of fire
MPRegen 0.11/turn

%: faith
@: no status effects
A: cold resistance 1, negative energy resistance 3, torment resistance 2, heat
vulnerability 1, in touch with death 1, no potions, faith
a: no special abilities


You were on level 6 of the Dungeon.
You visited 2 branches of the dungeon, and saw 7 of its levels.

You collected 333 gold pieces.

Inventory:

Hand Weapons
 a - a +0 war axe (weapon)
 l - a +0 dagger of venom
 v - a +0 morningstar
Missiles
 z - a throwing net
Armour
 c - a +0 buckler (worn)
 d - a +0 pair of boots (worn)
 g - a +0 pair of gloves (worn)
 h - a +0 plate armour (worn)
 j - a +0 helmet (worn)
 k - a +0 cloak (worn)
Jewellery
 e - a ring of flight
 f - a +5 ring of evasion (left hand)
 q - a ring of willpower
 u - a ring of fire (right hand)
 y - a +6 ring of dexterity
Wands
 x - a wand of flame (31)
Scrolls
 b - 3 scrolls of fear
 i - a scroll of vulnerability {unknown}
 m - a scroll of immolation {unknown}
 n - a scroll of identify {unknown}
 o - a scroll of silence {unknown}
 p - a scroll of noise {unknown}
 r - 2 scrolls of revelation {unknown}
 s - 2 scrolls of enchant armour {unknown}
 t - a scroll of teleportation {unknown}
 A - a scroll of brand weapon {unknown}


   Skills:
 + Level 7.5 Fighting
 + Level 5.8 Axes
 - Level 2.4 Armour
 + Level 6.1 Shields


You had 8 spell levels left.
You didn't know any spells.
Your spell library contained the following spells:

 Spells                   Type           Power      Damage    Failure   Level
 Scorch                   Fire           0%         2d5       100%        2
 Dazzling Flash           Conj/Hex       0%         N/A       100%        3
 Ozocubu's Armour         Ice            0%         N/A       100%        3
 Volatile Blastmotes      Fire/Tloc      0%         2d10      100%        3
 Anguish                  Hex/Necr       0%         N/A       100%        4
 Cause Fear               Hex            0%         N/A       100%        4
 Flame Wave               Conj/Fire      0%         2d4       100%        4
 Metabolic Englaciation   Hex/Ice        0%         N/A       100%        5
 Simulacrum               Ice/Necr       0%         N/A       100%        6
 Starburst                Conj/Fire      0%         6d3       100%        6
 Summon Cactus Giant      Summ           0%         N/A       100%        6
 Enfeeble                 Hex            0%         N/A       100%        7
 Maxwell's Capacitive Co  Air            0%         ∞         100%        8


Dungeon Overview and Level Annotations

Branches:
Dungeon (6/15)             Temple (1/1) D:4

Altars:
Ashenzari
Cheibriados
Dithmenos
Fedhas
Hepliaklqana
Kikubaaqudgha
Makhleb
Okawaru
Qazlal
Ru
Trog
Uskayaw
Vehumet
Wu Jian
Xom
Yredelemnul

Shops:
D:3 [

Annotations:
D:6 Jeremiah


Innate Abilities, Weirdness & Mutations

You are immune to poison.
Your flesh is cold resistant. (rC+)
You are immune to negative energy. (rN+++)
You are immune to unholy pain and torment.
You are vulnerable to heat. (rF-)
You are in touch with the powers of death.
You do not drink.
You have a special connection with the divine. (Faith)


Message History

* * * LOW HITPOINT WARNING * * *
The bolt of light hits the butterfly!
The butterfly dies!
The butterfly disappears in a burst of colours!
The bolt of light hits the butterfly!!
The butterfly dies!
The butterfly disappears in a burst of colours!
The bolt of light misses the butterfly.
The bolt of light hits the butterfly!!
The butterfly dies!
The butterfly disappears in a burst of colours!
Jeremiah misses you.
Unknown command.
Okay, then.
You barely miss Jeremiah.
Jeremiah is moderately wounded.
You barely miss the butterfly.
The butterfly disappears in a burst of colours!
Jeremiah closely misses you.
You hit Jeremiah but do no damage.
Jeremiah is moderately wounded.
You barely miss the butterfly.
The butterfly disappears in a burst of colours! x2
Jeremiah hits you but does no damage.
Unknown command.
You hit Jeremiah but do no damage.
Jeremiah is moderately wounded.
You miss the butterfly.
Jeremiah wails, "It wants to be free!
It wants to enslave everyone!"
Jeremiah misses you.
Jeremiah mumbles a slurred invocation.
Something smites you!
* * * LOW HITPOINT WARNING * * *
Unknown command.
You closely miss Jeremiah.
Jeremiah is moderately wounded.
You barely miss the butterfly.
The butterfly disappears in a burst of colours!
Jeremiah hits you with a +4 trident of draining.
You die...
Jeremiah asks, "Is it over?
Can I wake up now?"

######## #........#
########.#. (.F..
##.....#.#######.....#.
......########..##.....#####.
...bb(bbbb)bb#............##.
...bb.######.#..##.######.##.
..... #b#....># .### ....
#b#.###.######.### ...
#F#.###...:......# ##
#@#..<#..........#
#b#####..........#
#.#..............#
#.#.####.........# #.#.#
#.........# #.#.# #.........#
#.#.# #.........# #.#.#
#######.### #.#.##########.#


You could see Jeremiah.

Vanquished Creatures
  2 water moccasins (D:6)
  3 black bears
  2 ogres
  2 centaurs (D:6)
  A phantom (D:5)
  Blork the orc (D:6)
  6 scorpions
  A howler monkey (D:4)
  2 orc priests
  2 gnoll boudas
  3 hounds
  Natasha (thrice) (D:2)
  An iguana (D:5)
  An orc wizard (D:3)
  Robin (D:2)
  12 gnolls
  5 adders
  2 ufetubi (D:6)
  A worm (D:2)
  A dart slug (D:2)
  18 orcs
  9 endoplasms
  A giant cockroach (D:4)
  11 goblins
  18 hobgoblins
  3 jackals (D:3)
  2 quokkas
  3 ball pythons
  3 bats
  3 frilled lizards
  8 kobolds
  6 rats
137 creatures vanquished.

Notes
Turn   | Place    | Note
-------+----------+-------------------------------------------
     0 | D:1      | grandjackal the Mummy Fighter began the quest for the Orb.
     0 | D:1      | Reached XP level 1. HP: 18/18 MP: 1/1
   270 | D:1      | Reached XP level 2. HP: 21/24 MP: 2/2
   302 | D:1      | Found a faded altar of an unknown god.
  1280 | D:2      | Reached XP level 3. HP: 29/29 MP: 3/3
  1557 | D:2      | Noticed Natasha
  1563 | D:2      | Killed Natasha
  1564 | D:2      | Reached XP level 4. HP: 37/37 MP: 4/4
  1615 | D:2      | Noticed Robin
  1638 | D:2      | Killed Robin
  1639 | D:2      | Reached skill level 4 in Fighting
  1903 | D:2      | Reached XP level 5. HP: 42/42 MP: 5/5
  2112 | D:2      | Noticed Natasha
  2116 | D:2      | Killed Natasha
  2273 | D:2      | Noticed Natasha
  2278 | D:2      | Killed Natasha
  2778 | D:3      | Found Daza's Armour Boutique.
  2869 | D:4      | Found a staircase to the Ecumenical Temple.
  2883 | Temple   | Entered the Ecumenical Temple
  2968 | D:4      | Reached XP level 6. HP: 47/49 MP: 6/6
  2979 | D:4      | Identified the +1 leather armour of Indemnity {Rampage rC+}
  3012 | D:4      | HP: 2/49 [orc priest/divine providence (11)]
  3421 | D:4      | Found a basalt altar of Yredelemnul.
  3421 | D:4      | Found a stormy altar of Qazlal.
  3421 | D:4      | Found a sacrificial altar of Ru.
  3421 | D:4      | Found a snail-covered altar of Cheibriados.
  3431 | D:4      | Found a radiant altar of Vehumet.
  3495 | D:4      | Reached skill level 5 in Fighting
  3806 | D:5      | Entered Level 5 of the Dungeon
  3815 | D:5      | Reached XP level 7. HP: 56/56 MP: 7/7
  4142 | D:5      | Reached skill level 6 in Fighting
  4524 | D:5      | Reached skill level 5 in Shields
  4605 | D:5      | Reached XP level 8. HP: 56/64 MP: 8/8
  4907 | D:6      | Reached skill level 5 in Axes
  5263 | D:6      | Reached skill level 7 in Fighting
  5872 | D:6      | Noticed Blork the orc
  5872 | D:6      | Noticed Jeremiah
  5888 | D:6      | Killed Blork the orc
  5889 | D:6      | Reached XP level 9. HP: 49/72 MP: 9/9
  5914 | D:6      | HP: 3/72 [Jeremiah/divine providence (12)]
  5915 | D:6      | Slain by Jeremiah

Illustrated notes

Levels and vault maps discovered:
D:1:      nicolae_arrival_somewhat_less_tricky_arrival, layout_basic,
          shapermc_ecumenical_altar_totnotflames, due_unseen_surprise
D:2:      layout_basic, amcnicky_mini_rare_corridor_liquid, minmay_tetromino_t4,
          uniq_natasha, uniq_robin
D:3:      layout_rooms, serial_shops, nicolae_shop_tiny_real_fake_doors
D:4:      layout_rooms, minmay_overflow_temple_hex, minmay_temple_entry_statues,
          minmay_goblin_kobold_house
D:5:      layout_loops_cross
D:6:      layout_basic, uniq_blork_the_orc, uniq_jeremiah
Temple:   hellmonk_temple_forest_ring

Skill      XL: |  1  2  3  4  5  6  7  8 |
---------------+-------------------------+-----
Axes           | 2 3 4 5 |  5.8
Shields        | 3 4 5 6 |  6.1
Fighting       | 4 5 6 7 |  7.5
Armour         | |  2.4

Action                     |  1- 3 |  4- 6 |  7- 9 || total
---------------------------+-------+-------+-------++-------
  Melee: War axe           |    74 |   185 |   248 ||   507
  Throw: Dart              |       |       |     4 ||     4
    Use: Scroll            |       |       |     1 ||     1
 Armour: Scale mail        |    29 |       |       ||    29
         Plate armour      |    32 |   120 |   261 ||   413
  Dodge: Dodged            |    35 |    78 |   184 ||   297
  Block: Buckler           |    11 |    36 |    71 ||   118

Table legend: (Time is in decaauts)
 A = Elapsed time spent in this place.
 B = Non-inter-level travel time spent in this place.
 C = Inter-level travel time spent in this place.
 D = Time resting spent in this place.
 E = Time spent auto-exploring this place.
 F = Levels seen in this place.
 G = Mean time per level.
                   A        B        C        D        E       F      G
               +--------+--------+--------+--------+--------+-----+--------+
         Total |   6085 |   5872 |    213 |   1193 |   3366 |   7 |  869.3 |
       Dungeon |   6052 |   5839 |    213 |   1193 |   3366 |   6 | 1008.7 |
        Temple |     32 |     32 |      0 |      0 |      0 |   1 |   32.0 |
               +--------+--------+--------+--------+--------+-----+--------+

Top non-repeatable levels by time:
     D:2: 1299 daAuts
     D:6: 1218 daAuts
     D:1: 1116 daAuts
     D:5: 958 daAuts
     D:4: 770 daAuts
     D:3: 689 daAuts
  Temple: 32 daAuts
